 Dungeon Crawl Stone Soup version 0.15.2 (webtiles) character file.

221 magipi the Chopper (level 5, -3/42 HPs)
             Began as a Hill Orc Skald on Sept 2, 2015.
             Slain by a sky beast (5 damage)
             ... on Level 5 of the Dungeon.
             The game lasted 00:18:58 (2551 turns).

magipi the Chopper (Hill Orc Skald)                 Turns: 2551, Time: 00:18:58

HP  -3/42        AC  6     Str 15      XL: 5   Next: 98%
MP   7/7         EV 14     Int 12      God:
Gold 174         SH  0     Dex 11      Spells:  1 memorised,  6 levels left

rFire  . . .     SeeInvis .     a - +0 battleaxe
rCold  . . .     Clarity  .     e - +0 ring mail (curse)
rNeg   . . .     rCorr    .     (no shield)
rPois  .         rRot     .     p - +2 hat
rElec  .         Spirit   .     n - +1 cloak
SustAb .         Warding  .     (no gloves)
rMut   .         Stasis   .     (no boots)
Gourm  .                        (no amulet)
MR     .....                    y - cursed -3 ring of protection
                                f - +5 ring of evasion

@: not resistant to hostile enchantments, very unstealthy
A: no striking features
a: no special abilities


You were on level 5 of the Dungeon.
You were not hungry.

You visited 1 branch of the dungeon, and saw 5 of its levels.

You collected 174 gold pieces.

Inventory:

Hand weapons
 a - a +0 battleaxe (weapon)
Missiles
 k - 7 javelins (quivered)
 t - 19 poisoned needles
Armour
 e - a cursed +0 ring mail (worn)
 n - a +1 cloak (worn)
 p - a +2 hat (worn)
Magical devices
 i - a wand of lightning (4)
Comestibles
 b - a rotting chunk of giant gecko flesh
 d - 2 meat rations
 g - 3 bread rations
 w - 5 fruits
Scrolls
 j - 2 scrolls of enchant armour
 u - a scroll of recharging
Jewellery
 f - a +5 ring of evasion (left hand)
 s - an uncursed amulet of clarity {unknown}
 y - a cursed -3 ring of protection (right hand)
Potions
 h - a potion of invisibility {unknown}
 l - a potion of agility {unknown}
 m - 3 potions of restore abilities {unknown}
 o - 2 potions of heal wounds {unknown}
 q - a potion of cure mutation {unknown}
 r - a potion of magic {unknown}
 x - a potion of curing {unknown}
Books
 c - a book of Battle

   Spells                             Type                      Level
   *Infusion                          Charms                       1
   Shroud of Golubria                 Charms/Translocation         2
   Song of Slaying                    Charms                       2
   Spectral Weapon                    Hexes/Charms                 3
   Regeneration                       Charms/Necromancy            3


   Skills:
 - Level 2.4 Fighting
 + Level 7.9 Axes
 - Level 1.1 Armour
 - Level 0.7 Dodging
 - Level 1.5 Spellcasting
 - Level 2.6 Charms


You had 6 spell levels left.
You knew the following spells:

 Your Spells              Type           Power        Failure   Level  Hunger
a - Infusion              Chrm           #.....       12%         1    ##.....


Dungeon Overview and Level Annotations

Branches:
Dungeon (5/15)
 Temple: D:4-7

Altars:
Kikubaaqudgha

Annotations:
D:5 Dowan, Duvessa

Vault maps used:
D:1:      dpeg_arrival_erosion
D:2:      serial_forest, infiniplex_forest_end_2, infiniplex_forest_clump_small,
          infiniplex_forest_corner_1, infiniplex_forest_clump_small,
          infiniplex_forest_lined_2, first_bread, minmay_door_square
D:3:      kiku_gazebo_pond_becter, overflow_temple_1_default, uniq_iyjb
D:4:      uniq_eustachio
D:5:      lemuel_upstairs_altar, minmay_temple_entry_glassed_door, uniq_duvessa


Message History

You swing at nothing.
You swing at nothing.
You swing at nothing.
You swing at nothing.
You swing at nothing.
You swing at nothing.
You swing at nothing.
You swing at nothing.
You swing at nothing.
You swing at nothing.
You swing at nothing.
You swing at nothing.
You swing at nothing.
You swing at nothing.
You swing at nothing.
You swing at nothing.
You swing at nothing.
You swing at nothing.
You swing at nothing.
You swing at nothing.
You swing at nothing.
You swing at nothing.
You swing at nothing.
You swing at nothing.
You swing at nothing.
You swing at nothing.
a - a +0 battleaxe (weapon)
A quokka comes into view.
Unknown command.
The quokka misses you.
You closely miss the quokka. The quokka barely misses you.
You closely miss the quokka. The quokka bites you.
The quokka completely misses you.
You barely miss the quokka. The quokka bites you.
You closely miss the quokka. The quokka closely misses you.
The quokka barely misses you.
You hit the quokka.
You kill the quokka!
Found a glowing ring mail.
i - an iron wand Evoke which item? (* to show all) (? for menu, Esc to quit)
Zapping:
i - an iron wand
Press: ? - help, Shift-Dir - straight line You hear a mighty clap of thunder!
i - a wand of lightning {zapped: 1} You hear a shout! x4
Found a dented steel amulet.
s - a dented steel amulet
Found a stone staircase leading down.
A kobold comes into view. It is wielding a club.
The kobold shouts!
The kobold throws a stone.
The stone barely misses you.
A sky beast comes into view.
You see here a stone.
A worm comes into view.
The kobold throws a stone.
The stone hits you but does no damage.
You see here a stone.
The kobold throws a stone.
The stone barely misses you.
A giant newt comes into view.
You see here 2 stones.
You see here a stone.
You miss the sky beast. The sky beast completely misses you.
A bat comes into view.
A bat comes into view.
The bat closely misses you.
You completely miss the bat. The bat misses you.
The sky beast flickers out of sight!
Deactivating autopickup; reactivate with Ctrl-A.
Something barely misses you. The bat barely misses you. Something hits you.
Something shocks you.
You barely miss the bat. The bat barely misses you. The bat barely misses you.
The kobold closely misses you. Something hits you but does no damage.
You closely miss the bat. The bat misses you. The bat closely misses you.
The kobold barely misses you. Something hits you. Something shocks you.
The bat hits you but does no damage.
You miss the bat. The bat closely misses you.
The bat hits you but does no damage. The kobold misses you.
Something hits you but does no damage.
You closely miss the bat. The bat closely misses you.
The bat closely misses you. The kobold completely misses you.
Something barely misses you. The bat hits you but does no damage.
Something hits you. Something shocks you.
The kobold hits you but does no damage.
Unknown command.
You completely miss the bat. The bat barely misses you.
Something barely misses you. The bat misses you. The kobold misses you.
Unknown command.
You closely miss the bat. The bat hits you but does no damage.
The bat hits you but does no damage. Something hits you but does no damage.
The kobold barely misses you.
Unknown command.
You miss the bat. The bat barely misses you. The bat misses you.
Something hits you. Something shocks you.
* * * LOW HITPOINT WARNING * * *
The kobold hits you with a club.
* * * LOW HITPOINT WARNING * * *
Something hits you.
* * * LOW HITPOINT WARNING * * *
Something shocks you.
You die...

#.#.#
#.######
#...# #.#
#####..#.#.#
#......#.#
#.#......#
#.##.### #.
#b.# #. ##b#
#@## #.K#
##l# #(# #
#(#.# .
#...# .#
##..# .# ..#
e# .>..


You could see 2 bats, a kobold and a giant newt.

Table legend:
 A = Kills in this place as a percentage of kills in entire the game.
 B = Kills by you in this place as a percentage of kills by you in the entire game.
 C = Kills by friends in this place as a percentage of kills by friends in the entire game.
 D = Other kills in this place as a percentage of other kills in the entire game.
 E = Experience gained in this place as a percentage of experience gained in the entire game.
 F = Experience gained in this place divided by the number of levels of this place that you have seen.
                   A       B       C       D       E      F
               +-------+-------+-------+-------+-------+----------------------
         Total | 100.0 | 100.0 |  -nan |  -nan | 100.0 |  63.4
       Dungeon | 100.0 | 100.0 |  -nan |  -nan | 100.0 |  63.4
               +-------+-------+-------+-------+-------+----------------------

Vanquished Creatures
  A water moccasin skeleton (D:5)
  A worker ant (D:4)
  Ijyb (D:3)
  An ogre skeleton (D:4)
  4 adders
  3 worms
  3 giant geckos
  An ooze (D:3)
  4 orcs
  2 giant cockroaches
  9 hobgoblins
  2 quokkas
  A ball python (D:1)
  3 bats
  4 giant newts
  8 goblins
  10 kobolds
  3 rats
61 creatures vanquished.

Notes
Turn   | Place    | Note
--------------------------------------------------------------
     0 | D:1      | magipi, the Hill Orc Skald, began the quest for the Orb.
     0 | D:1      | Reached XP level 1. HP: 18/18 MP: 2/2
    45 | D:1      | Reached skill level 3 in Axes
   300 | D:2      | Reached XP level 2. HP: 25/25 MP: 3/3
   312 | D:2      | Reached skill level 4 in Axes
   389 | D:2      | Reached XP level 3. HP: 10/30 MP: 5/5
   718 | D:1      | Reached skill level 5 in Axes
  1153 | D:3      | Reached XP level 4. HP: 28/37 MP: 6/6
  1214 | D:3      | Found an ancient bone altar of Kikubaaqudgha.
  1354 | D:3      | Reached skill level 6 in Axes
  1370 | D:3      | Noticed Ijyb
  1408 | D:3      | Killed Ijyb
  1722 | D:3      | Reached XP level 5. HP: 42/42 MP: 2/7
  2183 | D:4      | Reached skill level 7 in Axes
  2258 | D:5      | Entered Level 5 of the Dungeon
  2275 | D:5      | Noticed Dowan
  2276 | D:5      | Noticed Duvessa
  2534 | D:5      | Noticed a sky beast
  2551 | D:5      | HP: 2/42 [something (2)]
  2551 | D:5      | Slain by a sky beast

Action                   |  1- 3 |  4- 6 || total
-------------------------+-------+-------++-------
Melee: Hand axe          |   112 |   145 ||   257
       Battleaxe         |       |    24 ||    24
Throw: Javelin           |     6 |     7 ||    13
 Cast: Infusion          |     2 |     8 ||    10
Evoke: Wand              |       |     1 ||     1
  Use: Scroll            |       |     7 ||     7
  Eat: Chunk             |     1 |     2 ||     3
       Pizza             |       |     2 ||     2

Action                   |  1- 3 |  4- 6 || total
-------------------------+-------+-------++-------
Melee: Hand axe          |   112 |   145 ||   257
       Battleaxe         |       |    24 ||    24
Throw: Javelin           |     6 |     7 ||    13
 Cast: Infusion          |     2 |     8 ||    10
Evoke: Wand              |       |     1 ||     1
  Use: Scroll            |       |     7 ||     7
  Eat: Chunk             |     1 |     2 ||     3
       Pizza             |       |     2 ||     2

Action                   |  1- 3 |  4- 6 || total
-------------------------+-------+-------++-------
Melee: Hand axe          |   112 |   145 ||   257
       Battleaxe         |       |    24 ||    24
Throw: Javelin           |     6 |     7 ||    13
 Cast: Infusion          |     2 |     8 ||    10
Evoke: Wand              |       |     1 ||     1
  Use: Scroll            |       |     7 ||     7
  Eat: Chunk             |     1 |     2 ||     3
       Pizza             |       |     2 ||     2
